AoeStats
← ILoveMonks

Golden Pit

508666929Analyzed
1v1 RM · 8d ago on Sep 23, 2026· 21m 51s· 2 players
Game mode
Random Map
Map size
Tiny (2 player)
Population
200
Speed
Normal
Resources
Standard
Victory
Conquest
Starting age
Dark Age
Ending age
Imperial Age
RankedLock teamsTeams togetherTeam positionsShared explorationLock speedFull tech treeHidden civsTurbo modeCheats
Victory
Defeat
🇩🇪 Bengalis · Germany
1338
+27
🇹🇷 Mongols · Türkiye
1307
-15
Grim Reaper
10:18 Feudal Age
10:58 Loom
17:28 Castle Age
15:30 Double-Bit Axe
16:24 Horse Collar
17:20 Bloodlines
18:58 Scale Barding Armor
21:53 Forging
ILoveMonks
8:32 Loom
10:20 Feudal Age
11:52 Double-Bit Axe
14:25 Castle Age
14:39 Gold Mining
17:04 Sanctity
21:39 Redemption
Connection lost

Rejoining the realm…

Still unreachable

The connection could not be restored.

Session expired

The server has moved on; the page needs a fresh start.